[Event "Marshall CC FIDE Premier April 2024"]
[Site "New York"]
[Date "2024.04.14"]
[Round "3.2"]
[White "Ayyappan, Santhosh"]
[Black "Muthukumar, Haari"]
[Result "0-1"]
[ECO "D37"]
[WhiteElo "1922"]
[BlackElo "2048"]
[Annotator "RC"]
[PlyCount "132"]
[EventDate "2024.02.02"]
[EventType "swiss"]
[EventCountry "USA"]
[SourceTitle "playchess.com"]
[Source "ChessBase"]
[SourceQuality "1"]
[TimeControl "5400+30"]

1. d4 d5 2. c4 e6 3. Nc3 a6 4. e3 Nf6 5. Nf3 Nbd7 6. Bd3 dxc4 7. Bxc4 b5 8. Bd3 Bb7 9. O-O c5 10. a3 Rc8 11. Be2 Be7 12. dxc5 Bxc5 13. Nd4 O-O 14. Bf3 Bxf3 15. Nxf3 Nb6 16. b3 Qe7 17. Bb2 Rfd8 18. Qe2 Rd7 19. e4 e5 20. h3 Bd4 21. Rfc1 Qe6 22. Nd2 Rdc7 23. Qf3 Nfd7 24. Rab1 Qd6 25. Ra1 Nc5 26. Rab1 Nd3 27. Nd5 Rxc1+ 28. Bxc1 Nxd5 29. Qxd3 Nc3 30. Kf1 Nxb1 31. Qxb1 Qc5 32. Bb2 Bxf2 33. Qd3 Bd4 34. b4 Qc2 35. Qxc2 Rxc2 36. Bxd4 Rxd2 37. Bxe5 Ra2 38. Bd6 f6 39. e5 fxe5 40. Bxe5 Kf7 41. Bd4 g6 42. h4 Ke6 43. g4 h5 44. gxh5 gxh5 45. Bc5 Kf5 46. Bd6 Kg4 47. Be7 Kf3 48. Kg1 Rxa3 49. Bd8 Re3 50. Bb6 Re1+ 51. Kh2 Re4 52. Bc5 Rxh4+ 53. Kg1 Rc4 54. Be7 Rc2 55. Bf6 Kg4 56. Be7 h4 57. Kh1 h3 58. Bd6 Rb2 59. Kg1 h2+ 60. Bxh2 Rxb4 61. Bd6 Rb2 62. Be5 Rc2 63. Bd6 a5 64. Kf1 Kf3 65. Ke1 Ke3 66. Kf1 Kd3 0-1

[Event "Marshall CC FIDE Premier April 2024"]
[Site "New York"]
[Date "2024.04.14"]
[Round "3.3"]
[White "Bonin, Jay"]
[Black "Nkululeko, Nkosi"]
[Result "1/2-1/2"]
[ECO "D26"]
[WhiteElo "2146"]
[BlackElo "1956"]
[Annotator "TA"]
[PlyCount "100"]
[EventDate "2024.02.02"]
[EventType "swiss"]
[EventCountry "USA"]
[SourceTitle "playchess.com"]
[Source "ChessBase"]
[SourceQuality "1"]
[TimeControl "5400+30"]

1. d4 d5 2. Nf3 Nf6 3. c4 dxc4 4. e3 e6 5. Bxc4 c5 6. dxc5 Qxd1+ 7. Kxd1 Bxc5 8. Nbd2 a6 9. a3 b5 10. Bd3 Bb7 11. b4 Be7 12. Bb2 Nbd7 13. Ke2 O-O 14. Nb3 Rac8 15. Na5 Bd5 16. Rac1 Nb6 17. Ne5 Rxc1 (17... Bxg2 $11 18. Nec6 Bxc6 19. Nxc6 Bd6) 18. Rxc1 $14 Rc8 19. Nec6 Bf8 20. Bxf6 gxf6 21. e4 Bxc6 22. Rxc6 Rxc6 23. Nxc6 $11 {[%emt 0:00:02][%mdl 4096] Endgame. KBN-KBN} Bd6 {[%emt 0:00:14] Dodges Nb8} 24. g3 e5 25. Na5 Nd7 26. Bc2 Bc7 27. Nc6 Kf8 28. Bb3 Nb8 29. Bd5 {[%emt 0:00:42] White is more active.} Nxc6 30. Bxc6 $14 {[%emt 0:00:03] KB-KB} Ke7 31. Kd3 Kd6 32. Bd5 a5 33. Bxf7 axb4 34. axb4 Kc6 35. Be8+ Kb6 36. Ke3 Bd6 37. Kf3 Bxb4 38. Kg4 Be7 39. Kf5 b4 40. Ba4 Kc5 {[%emt 0:01:08] The position is equal.} 41. Ke6 Bd8 42. Kd7 Bb6 43. Ke7 Kd4 44. f3 Ke3 45. Kxf6 Kxf3 46. Bc2 Bg1 47. h4 Be3 48. Kxe5 Kxg3 49. h5 Kh4 50. Bd1 b3 {[%emt 0:00:17] Weighted Error Value: White=0.07 (flawless) /Black=0.06 (flawless) .  Mistake:       	---       	Black=1      Inaccurate:     	White=3     	Black=2      OK:         	White=19    	Black=16     Best:        	---       	Black=4} 1/2-1/2

[Event "Marshall CC FIDE Premier April 2024"]
[Site "New York"]
[Date "2024.04.14"]
[Round "3.4"]
[White "Ho, Carter"]
[Black "Goodrich, Elliott"]
[Result "1-0"]
[ECO "C55"]
[WhiteElo "2108"]
[BlackElo "1921"]
[Annotator "TA"]
[PlyCount "59"]
[EventDate "2024.02.02"]
[EventType "swiss"]
[EventCountry "USA"]
[SourceTitle "playchess.com"]
[Source "ChessBase"]
[SourceQuality "1"]
[TimeControl "5400+30"]

1. e4 e5 2. Nf3 Nc6 3. Bc4 Nf6 4. d3 h6 5. O-O d6 6. c3 g6 7. Nbd2 Bg7 8. a4 O-O 9. b4 d5 10. exd5 {[%emt 0:05:37] White is slightly better.} Nxd5 11. Ne4 Nb6 12. Bb3 {[%emt 0:02:01] White is more active.} a6 13. Be3 Nd5 {[%emt 0:02:01] [#]} 14. Bxd5 $1 Qxd5 {[%emt 0:00:14] [#]} 15. Bxh6 $1 f5 (15... Bf5 $16 16. Qc2 Rad8) 16. c4 Qd7 17. Nc5 ({White should try} 17. Bxg7 Qxg7 18. Neg5) 17... Qd6 $16 18. Bxg7 Kxg7 19. Re1 b6 20. Nb3 Nxb4 {[%emt 0:05:07] Loses the game.} (20... Re8 $14) 21. Nxe5 $18 Bb7 22. Qd2 a5 23. Qc3 Qf6 24. d4 Rad8 {[%emt 0:00:00] Prevents Nd7.} 25. d5 c6 26. Nd4 {[%emt 0:03:48] A dynamic duo of knights.} cxd5 27. Ne6+ Qxe6 (27... Kg8 $142) 28. Nd7+ {[%emt 0:00:04] White is clearly winning.} d4 29. Qxd4+ Qf6 30. Re7+ {[%emt 0:00:08] Weighted Error Value: White=0.11 (very precise) /Black=0.37.  Mistake:       	White=1     	Black=3      Inaccurate:     	---       	Black=3      OK:         	White=10    	Black=5      Best:        	White=2     	Black=1      Strong:       	White=2     	---} (30. Nxf6 $2 {loses.} Rxd4 $19) 1-0

[Event "Marshall CC FIDE Premier April 2024"]
[Site "New York"]
[Date "2024.04.14"]
[Round "3.5"]
[White "Shvarts, Tim"]
[Black "Lin, Bryan Enming"]
[Result "0-1"]
[ECO "E90"]
[WhiteElo "1783"]
[BlackElo "2087"]
[Annotator "RC"]
[PlyCount "138"]
[EventDate "2024.02.02"]
[EventType "swiss"]
[EventCountry "USA"]
[SourceTitle "playchess.com"]
[Source "ChessBase"]
[SourceQuality "1"]
[TimeControl "5400+30"]

1. d4 Nf6 2. c4 c5 3. d5 g6 4. Nc3 Bg7 5. e4 d6 6. Nf3 O-O 7. h3 e6 8. Bd3 Na6 9. O-O Nc7 10. Be3 exd5 11. exd5 b5 12. Qd2 Re8 13. Bg5 b4 14. Ne2 a5 15. Ng3 Ba6 16. Rfe1 Qd7 17. Bf1 Rxe1 18. Rxe1 Re8 19. b3 Rxe1 20. Nxe1 Nce8 21. Qf4 Kf8 22. Qh4 Kg8 23. Qf4 Kh8 24. Ne4 Ng8 25. Qe3 f5 26. Nd2 h6 27. Bf4 Bc8 28. h4 Nef6 29. Be2 Kh7 30. Nd3 Ne8 31. Bh2 Bd4 32. Qg3 Ngf6 33. Nf4 Qf7 34. Qd3 Nd7 35. h5 g5 36. Ne6 Ne5 37. Bxe5 Bxe5 38. Nd8 Qf6 39. Nc6 Bf4 40. g3 Be5 41. Nf3 Bc3 42. Qe3 Bd7 43. Nb8 Qd8 44. Bd3 Ng7 45. Nxd7 Qxd7 46. g4 Qf7 47. gxf5 Bf6 48. Nh2 Qxh5 49. Be2 Qf7 50. Ng4 h5 51. Qh3 Bd4 52. Bd3 Ne8 53. f6+ Kh8 54. Nh6 Qxf6 55. Nf5 Qf7 56. Be2 Be5 57. Nh6 Qg6 58. Qxh5 Kg7 59. Qxg6+ Kxg6 60. Ng8 Bf6 61. Nxf6 Kxf6 62. Kf1 Ke5 63. Ke1 Kd4 64. Kd2 Nf6 65. f3 Nd7 66. Bd1 Nb6 67. Be2 a4 68. Bf1 a3 69. Be2 Na4 0-1

[Event "Marshall CC FIDE Premier April 2024"]
[Site "New York"]
[Date "2024.04.14"]
[Round "3.6"]
[White "Aravindakshan, Sahana"]
[Black "Prestia, Paris"]
[Result "1/2-1/2"]
[ECO "A65"]
[WhiteElo "1904"]
[BlackElo "2059"]
[Annotator "TA"]
[PlyCount "69"]
[EventDate "2024.02.02"]
[EventType "swiss"]
[EventCountry "USA"]
[SourceTitle "playchess.com"]
[Source "ChessBase"]
[SourceQuality "1"]
[TimeControl "5400+30"]

1. d4 Nf6 2. c4 g6 3. Nc3 Bg7 4. e4 O-O 5. Nge2 d6 6. Ng3 c5 7. d5 e6 8. Be2 exd5 9. cxd5 Re8 10. O-O a6 11. a4 Nbd7 12. f4 {[%emt 0:01:11][%cal Bf2f4,Bf4f5][%mdl 32] White is slightly better.} Qc7 13. e5 dxe5 14. f5 $1 e4 15. d6 Qb6 (15... Qc6 $11) 16. Bc4 ({White should play} 16. a5 $1 $14 Qc6 17. Be3) 16... Ne5 $11 17. Nd5 (17. a5 $11 Qc6 18. Bb3) 17... Nxd5 $17 (17... Qxd6 18. fxg6 Nxd5 19. Bxd5 hxg6 (19... Nxg6 $2 20. Bxf7+ Kh8 21. Qxd6 $18) 20. Nxe4 $17) 18. Bxd5 c4+ (18... Qxd6 19. Bf4 Rd8 (19... gxf5 $2 20. Bxf7+ Nxf7 21. Bxd6 $18) 20. Bxe4 $15) 19. Kh1 {[%emt 0:00:14] [#]} Bxf5 $1 20. Nxf5 (20. Bxe4 $2 Bxe4 21. Nxe4 Nd3 $19) (20. Rxf5 gxf5 21. Nxf5 Qf2 22. Bxe4 Ng4) 20... gxf5 21. Rxf5 {[%emt 0:00:26] [#]} (21. b3 $17 {is a better defense.}) 21... Qxd6 $2 (21... Rad8 22. Bf4 Kh8 (22... Qxb2 $2 {too greedy.} 23. Rb1 $18) (22... Rxd6 23. Rxf7 Nxf7 24. Bxd6 $11) 23. Qh5 (23. Bxf7 $2 Rxd6 24. Qh5 Nxf7 $19) (23. Bxe4 Ng6 $17) 23... Qxb2 24. Rf1 $15) (21... e3 $1 $19 {and Black stays clearly on top.} 22. Be4 Rad8) 22. Bf4 {[%emt 0:20:49][%cal Od5f7] Hoping for Bxf7+!} Qg6 23. Rg5 Qf6 24. Rxe5 $1 Qxf4 25. Rxe8+ Rxe8 26. Bxc4 {[%emt 0:03:00] White is weak on the dark squares} (26. Qe2 $1 $15 Be5 27. g3 Qf3+ 28. Qxf3 exf3 29. Bxc4) 26... e3 (26... Bxb2 $17 27. Rb1 Bf6) 27. Qe2 Be5 28. g3 Qe4+ 29. Kg1 Rd8 30. Qh5 e2 ({Better is} 30... Kh8 $17 {...e2 would now be deadly.} 31. Be2 f6 (31... Bxb2 32. Rf1 $17)) 31. Qg5+ $11 {[%emt 0:01:19] The position is equal.} (31. Qxe2 Bd4+) 31... Kf8 32. Qxd8+ Kg7 {[%emt 0:00:01] And now ...Bd4+ would win.} 33. Qg5+ Kh8 {[%emt 0:00:28] ( -> ...Bd4+)} 34. Qd8+ (34. Bxf7 $2 {leads to mate.} Bd4+) 34... Kg7 {[%emt 0:00:24] Strongly threatening ...Bd4+.} 35. Qg5+ {[%emt 0:00:25] Black had all chances to win.   Weighted Error Value: White=0.30/Black=0.26 (precise) .  Missed win:     	---       	Black=1      Mistake:       	White=4     	Black=3      Inaccurate:     	White=4     	Black=3      OK:         	White=5     	Black=10     Best:        	White=7     	Black=2      Strong:       	White=2     	Black=1} 1/2-1/2

[Event "Marshall CC FIDE Premier April 2024"]
[Site "New York"]
[Date "2024.04.14"]
[Round "3.7"]
[White "Kurup, Siddharth"]
[Black "Li, Michael"]
[Result "0-1"]
[ECO "E46"]
[WhiteElo "1914"]
[BlackElo "2072"]
[Annotator "TA"]
[PlyCount "120"]
[EventDate "2024.02.02"]
[EventType "swiss"]
[EventCountry "USA"]
[SourceTitle "playchess.com"]
[Source "ChessBase"]
[SourceQuality "1"]
[TimeControl "5400+30"]

1. d4 Nf6 2. c4 e6 3. Nc3 Bb4 4. e3 O-O 5. Nge2 Re8 6. a3 Bf8 7. Ng3 d5 8. Bd3 b6 9. O-O Bb7 10. cxd5 exd5 11. b4 Nbd7 12. Bb2 {[%emt 0:04:29] The position is equal.} c5 13. bxc5 bxc5 14. dxc5 Nxc5 15. Bb5 Re6 16. Qc2 Rc8 17. Rad1 Qa5 18. Qf5 (18. Nge2 $15) 18... a6 (18... Rb6 $19 {[%cal Oa7a6] Strongly threatening ...a6!} 19. Rb1 a6 (19... Rxb5 $2 {is the wrong capture.} 20. Nxb5 Nfd7 21. Qg4 $18)) 19. Bd3 $17 {[%emt 0:09:39] [#]} Nxd3 (19... g6 $1 $17 20. Qh3 Rb6) 20. Qxd3 $15 Qb6 21. Rb1 Qc6 22. Nce2 {[%emt 0:02:43] [#]} (22. Rfc1 $11 {keeps the balance.}) 22... d4 $1 $17 {[%emt 0:13:27][%csl Gb7][%cal Rc6g2] Black keeps a firm grip on the game.} 23. e4 (23. f3 dxe3) 23... Nxe4 24. Nxd4 Qd5 {[%emt 0:01:51] Hoping for ...Nxg3.} 25. Qb3 {[%emt 0:07:03] [#] aiming for Qxd5.} Rb6 $3 26. Qxd5 (26. Qxb6 $2 {perishes.} Nxg3 27. f3 Bc5 $19 (27... Nxf1 $2 28. Kxf1 a5 29. Re1 $17) (27... Nxf1 $2 28. Kxf1 Rb8 29. Ne2 $17)) 26... Bxd5 27. Nxe4 Bxe4 $40 {[%emt 0:00:06][%mdl 128] Black attacks with force. A strong pair of Bishops.} 28. Rbc1 Rxc1 29. Bxc1 Rb1 30. a4 Rb4 {[%emt 0:03:56] Black is more active.} 31. Be3 Rxa4 32. f3 Bd5 33. Rc1 Rc4 34. Ra1 g6 35. Rxa6 $2 (35. Ne2 $17 {keeps fighting.}) 35... Bc5 $19 36. Kf2 Bb7 {[%emt 0:02:16] Black is clearly winning.} ({Weaker is} 36... Bxd4 37. Bxd4 Rxd4 38. Ra1 $19) 37. Rf6 Bxd4 38. Bxd4 Rxd4 {[%emt 0:00:04][%mdl 4096] Endgame. KRB-KR} 39. Rb6 Rd7 40. Kg3 Kg7 41. h4 (41. Rb2 $142) 41... h5 42. Kh3 Bd5 43. Kg3 Rc7 44. Rd6 Be6 45. Ra6 Kf6 46. Ra5 Rc2 47. Rb5 Ke7 48. Rb7+ Kd6 49. Rb5 Bd5 50. Ra5 Ke5 51. Ra1 Kd4 52. Re1 Kd3 53. Re5 Be6 54. Re1 Kd2 55. Re4 Kd1 56. Rd4+ Ke1 {[%emt 0:00:30] And now ...Rd2 would win.} 57. Ra4 Ba2 58. Rd4 Rd2 59. Re4+ Kf1 60. Kf4 Kxg2 {[%emt 0:00:51] Weighted Error Value: White=0.29 (precise) /Black=0.12 (very precise) .  Loses game:     	White=1     	---        Mistake:       	White=3     	Black=2      Inaccurate:     	White=1     	Black=2      OK:         	White=9     	Black=12     Best:        	---       	Black=3      Brilliant:      	---       	Black=1} 0-1

[Event "Marshall CC FIDE Premier April 2024"]
[Site "New York"]
[Date "2024.04.14"]
[Round "3.8"]
[White "Jiang, Jason"]
[Black "Meduri, Aakaash"]
[Result "0-1"]
[ECO "A26"]
[WhiteElo "2005"]
[BlackElo "1962"]
[Annotator "TA"]
[PlyCount "68"]
[EventDate "2024.02.02"]
[EventType "swiss"]
[EventCountry "USA"]
[SourceTitle "playchess.com"]
[Source "ChessBase"]
[SourceQuality "1"]
[TimeControl "5400+30"]

1. c4 f5 2. Nc3 Nf6 3. g3 d6 4. Bg2 g6 5. d3 Bg7 6. e4 Nc6 7. Nge2 O-O 8. O-O e5 9. Nd5 h6 10. f3 Be6 11. Be3 Kh7 12. Qd2 {[%emt 0:03:11] White is slightly better.} Ne7 13. d4 ({White should try} 13. Rac1 $14) 13... Neg8 (13... fxe4 $11 14. fxe4 Ng4) 14. Nxf6+ Nxf6 15. d5 (15. exf5 $14 {might be stronger.} gxf5 16. b3) 15... Bd7 $11 16. h3 Nh5 17. exf5 gxf5 18. g4 Nf6 19. Bf2 Qe8 20. Ng3 (20. Rac1 $11) 20... Qg6 21. Rae1 f4 22. Ne4 Nxe4 23. Rxe4 h5 24. Qd3 Rf7 25. Rc1 Rg8 26. Rc3 Bf8 (26... Bf6 $17 {[%cal Od7f5] ...Bf5! is the strong threat.} 27. Re1 Bf5 28. Qxf5 (28. gxf5 $2 Qxg2#) 28... Qxf5 29. gxf5 Rfg7) 27. Qf1 Rfg7 28. Kh2 $2 {[%emt 0:01:01][%mdl 8192] [#] Loses the game.} ({White should play} 28. Bxa7 $15 Bf5 29. Re1) 28... Qh6 $19 29. c5 (29. Qd3 $142 Kh8 (29... hxg4 $2 30. Rxf4+ Kh8 31. Rxf8 $19) 30. Qf1) 29... hxg4 30. fxg4 Bxg4 31. Rb4 Bf5 32. Bh1 dxc5 33. Rxb7 e4 {[%emt 0:04:16] [#] ( -> ...f3)} 34. Qb1 f3 {[%emt 0:18:42] Weighted Error Value: White=1.22/Black=0.12 (very precise) .  Loses game:     	White=1     	---        Mistake:       	White=4     	Black=2      Inaccurate:     	White=5     	Black=2      OK:         	White=5     	Black=8      Best:        	White=1     	Black=1} 0-1

[Event "Marshall CC FIDE Premier April 2024"]
[Site "New York"]
[Date "2024.04.14"]
[Round "3.9"]
[White "Patel, Maahir M"]
[Black "Zhu, Linxi"]
[Result "1/2-1/2"]
[ECO "B52"]
[WhiteElo "1879"]
[BlackElo "1980"]
[Annotator "TA"]
[PlyCount "81"]
[EventDate "2024.02.02"]
[EventType "swiss"]
[EventCountry "USA"]
[SourceTitle "playchess.com"]
[Source "ChessBase"]
[SourceQuality "1"]
[TimeControl "5400+30"]

1. e4 c5 2. Nf3 d6 3. Bb5+ Bd7 4. Bxd7+ Qxd7 5. c4 Nf6 6. Nc3 g6 7. O-O Bg7 8. d4 cxd4 9. Nxd4 O-O 10. f3 Nc6 11. Be3 Rac8 12. b3 a6 13. Rc1 Nxd4 14. Bxd4 Rc6 15. Qd3 Rfc8 {[%emt 0:04:40][%cal Ob7b5] White is slightly better.} 16. Rfd1 (16. Rcd1 $14) 16... b5 $11 17. cxb5 axb5 18. Ne2 (18. Qxb5 $2 {loses.} Rxc3 19. Rxc3 Qxb5 $19) 18... b4 19. Qd2 Qb7 20. Rxc6 Rxc6 21. Rc1 Rxc1+ 22. Nxc1 Qc6 (22... e5 $11 23. Bf2 Bf8) 23. Bb2 ({White should play} 23. Be3 $1 $16) 23... Qc5+ 24. Kh1 {[%emt 0:12:31] [#]} Bh6 $1 25. Qd1 ({But not} 25. Qxh6 Qf2 $15) 25... Bg7 {[%emt 0:09:36][%cal Of6e4] Threatens to win with ...Nxe4!} 26. Nd3 Qb5 27. h3 h5 $40 {[%emt 0:06:00][%mdl 128] Black attacks.} 28. Qc2 h4 29. Qc4 Qg5 30. Bc1 {[%emt 0:01:15] Inhibits Qd2.} Qa5 31. Nxb4 Nh5 32. Be3 Qe5 {[%emt 0:00:57] And now ...Ng3+ would win.} 33. Kg1 Ng3 34. Nc2 {[%emt 0:01:30] Prevents Qa1+.} Qb2 {[%emt 0:00:22][%mdl 1024] ...Qb1+ is the strong threat. Black has compensation.} 35. b4 $2 (35. Kf2 $11) 35... Qb1+ 36. Kf2 {[%emt 0:00:08] [#]} Bc3 $2 37. Qd3 {[%emt 0:02:48] The position is equal.} (37. Qc8+ {leads to mate.} Kh7) 37... Nh1+ 38. Ke2 Ng3+ 39. Kf2 Nh1+ 40. Ke2 Ng3+ 41. Kf2 {[%emt 0:11:20] Weighted Error Value: White=0.26 (precise) /Black=0.29 (precise) .  Loses game:     	White=1     	---        Mistake:       	White=2     	Black=1      OK:         	White=6     	Black=13     Best:        	---       	Black=1} 1/2-1/2

[Event "Marshall CC FIDE Premier April 2024"]
[Site "New York"]
[Date "2024.04.14"]
[Round "3.10"]
[White "Berg, George"]
[Black "Lee, Rohan"]
[Result "0-1"]
[ECO "B75"]
[WhiteElo "1832"]
[BlackElo "1913"]
[Annotator "RC"]
[PlyCount "66"]
[EventDate "2024.02.02"]
[EventType "swiss"]
[EventCountry "USA"]
[SourceTitle "playchess.com"]
[Source "ChessBase"]
[SourceQuality "1"]
[TimeControl "5400+30"]

1. e4 c5 2. Nf3 d6 3. d4 cxd4 4. Nxd4 Nf6 5. Nc3 g6 6. Be3 Bg7 7. f3 a6 8. Qd2 h5 9. Bc4 Nbd7 10. O-O-O Qc7 11. Bb3 b5 12. Nd5 Nxd5 13. Bxd5 Bb7 14. Kb1 Ne5 15. Qe2 Rc8 16. Rhe1 Nc4 17. Bc1 O-O 18. Bxb7 Qxb7 19. f4 Qb6 20. Nf3 Bc3 21. Rf1 b4 22. b3 Na3+ 23. Bxa3 bxa3 24. f5 Bf6 25. c4 a5 26. fxg6 fxg6 27. Qd3 a4 28. e5 Bg7 29. Qxg6 axb3 30. Rd2 Rb8 31. Kc1 bxa2 32. Rxa2 Qe3+ 33. Rd2 a2 0-1

[Event "Marshall CC FIDE Premier April 2024"]
[Site "New York"]
[Date "2024.04.14"]
[Round "4.1"]
[White "Muthukumar, Haari"]
[Black "Huston, Gus"]
[Result "1-0"]
[ECO "C07"]
[WhiteElo "2048"]
[BlackElo "2401"]
[Annotator "TA"]
[PlyCount "69"]
[EventDate "2024.02.02"]
[EventType "swiss"]
[EventCountry "USA"]
[SourceTitle "playchess.com"]
[Source "ChessBase"]
[SourceQuality "1"]
[TimeControl "5400+30"]

1. e4 e6 2. d4 d5 3. Nd2 c5 4. exd5 Qxd5 5. Ngf3 cxd4 6. Bc4 Qd6 7. O-O Nc6 8. Ne4 Qc7 ({Black should play} 8... Qd7 $14) 9. Nxd4 $16 a6 {[%emt 0:00:02] Repels Nb5} 10. Re1 {[%emt 0:14:57] Nxc6 is the strong threat. White is much more active. White is better.} Be7 11. Bg5 {[%emt 0:10:59] aiming for Nxc6.} Bxg5 (11... h6 $1 $14 {deserves consideration.} 12. Bxe7 Ngxe7) 12. Nxg5 Nd8 (12... Nf6 $16 {is a better defense.}) 13. Nf5 $18 {[%emt 0:06:14] And now Qd4 would win.} Kf8 (13... h6 $142) 14. Nd6 (14. Qd2 $18 {and White stays clearly on top.} exf5 15. Qb4+ Ne7 16. Rad1) 14... Nf6 $16 15. Qd4 h6 16. Nge4 Nc6 17. Qc5 Nxe4 18. Rxe4 (18. Nxe4+ Kg8 $11) 18... b6 (18... Kg8 $142 19. Re3 b6) 19. Qa3 $18 (19. Nxc8+ $2 bxc5 20. Bd3 a5 $19 (20... Rxc8 $2 21. Bxa6 Rd8 22. Bd3 $19) (20... Qxc8 $2 21. c3 $19)) 19... Qe7 20. Rf4 Ne5 21. Re1 g5 22. Rd4 {[%emt 0:09:57] Black must now prevent Nf5.} Ng6 $2 (22... f6 23. f4 Nxc4 24. Rxc4 Bd7) 23. Qf3 (23. Nf5 $142 exf5 24. Rxe7 Nxe7 25. Rd8+ Kg7 26. Qxe7 (26. Qc3+ f6 $18)) 23... Rb8 {[%emt 0:00:44] Black is weak on the light squares} 24. Bd3 $2 (24. Nxc8 Qb7 25. Rd8+ (25. Bxe6 Qxf3 26. gxf3 fxe6 $18) 25... Kg7 26. Qc3+ Kh7 27. Rxh8+ Nxh8 28. Bd3+ Kg8 29. Nd6) 24... Rg8 25. Qh5 Qf6 26. Bxg6 $2 (26. Qxh6+ $18 {is the precise move to win.} Ke7 27. Bxg6 fxg6 28. Rc4) 26... Rxg6 27. Rd3 ({White should try} 27. Rdd1 $18) 27... Bb7 (27... e5 $16) 28. Nxb7 $2 (28. Nc4 $1 $18 {[%cal Rc4e5] Strongly threatening Ne5!} Qf4 29. Ne5 (29. Nxb6 Bc6 $17)) 28... Rxb7 $14 29. Rf3 $36 {[%emt 0:00:18][%mdl 2048] White fights for an advantage.} Qg7 30. Rd1 {[%emt 0:00:27] Against Rd7} Ke7 {[%emt 0:01:23] Repels Rd8} (30... Rb8 $11 {and Black is okay.}) 31. Rc3 (31. Qg4 $1 $18 {[%cal Rg4b4] is more deadly.} Qe5 (31... Qxb2 $2 {loses.} 32. Qe4 $18) 32. Rxf7+ Kxf7 33. Qf3+ Rf6 34. Qxb7+ Kg6 35. Qxb6 (35. Qxa6 Qxb2 36. Qc8 g4 $18)) 31... Qe5 {[%emt 0:00:26] [#]} (31... g4 $142) 32. Qf3 $1 $16 Rc7 {[%emt 0:03:06][%mdl 8192] [#]} (32... Qb8 $16 33. Rc6 Qe5 34. Qa3+ Kf6) 33. Qa8 $1 $18 Rd7 {[%emt 0:01:29] Repels Qd8+} 34. Rxd7+ Kxd7 35. Qb7+ {[%emt 0:01:22] Weighted Error Value: White=0.77/Black=0.60.  Loses game:     	---       	Black=1      Missed win:     	White=2     	---        Mistake:       	White=4     	Black=9      Inaccurate:     	White=1     	Black=3      OK:         	White=8     	Black=9      Best:        	White=2     	---        Strong:       	White=1     	---} ({Not} 35. Qxa6 Qe1+ 36. Qf1 Qxf1+ 37. Kxf1 h5 38. Rd3+ Kc6 $18) 1-0

[Event "Marshall CC FIDE Premier April 2024"]
[Site "New York"]
[Date "2024.04.14"]
[Round "4.2"]
[White "Putnam, Liam"]
[Black "Ho, Carter"]
[Result "1-0"]
[ECO "A06"]
[WhiteElo "2323"]
[BlackElo "2108"]
[Annotator "RC"]
[PlyCount "55"]
[EventDate "2024.02.02"]
[EventType "swiss"]
[EventCountry "USA"]
[SourceTitle "playchess.com"]
[Source "ChessBase"]
[SourceQuality "1"]
[TimeControl "5400+30"]

1. Nf3 d5 2. e3 c5 3. b3 Nc6 4. Bb2 Nf6 5. Bb5 Bd7 6. O-O e6 7. d3 Bd6 8. Nbd2 a6 9. Bxc6 Bxc6 10. Ne5 Rc8 11. f4 O-O 12. Qe1 Nd7 13. a4 b6 14. Nxc6 Rxc6 15. e4 b5 16. Qg3 d4 17. e5 Bc7 18. Qf3 Nb8 19. axb5 axb5 20. Ra8 Qd7 21. Ne4 c4 22. bxc4 bxc4 23. Ba3 Rd8 24. Rb1 cxd3 25. cxd3 Qd5 26. Nf6+ gxf6 27. Qg3+ Kh8 28. Be7 1-0